 Dungeon Crawl Stone Soup version 0.17-a0-1970-g7a13dd1 (webtiles) character file.

7124 Gorice the Covert (level 10, -5/48 HPs)
             Began as a Felid Wanderer on Oct 4, 2015.
             Was an Elder of Sif Muna.
             Slain by a spiny frog (21 damage)
             ... on level 2 of the Lair of Beasts.
             The game lasted 01:47:58 (22222 turns).

Gorice the Covert (Felid Wanderer)                 Turns: 22222, Time: 01:47:59

Health: -5/48      AC:  2    Str:  5    XL:     10   Next: 85%
Magic:  11/20      EV: 23    Int: 17    God:    Sif Muna [****..]
Gold:   609        SH:  0    Dex: 19    Spells: 7 memorised, 3 levels left
                                        Lives:  0   Deaths: 3

rFire  . . .     SeeInvis +       - Unarmed
rCold  . . .     Clarity  .     (armour unavailable)
rNeg   . . .     SustAt   .     (shield unavailable)
rPois  .         Gourm    .     (helmet unavailable)
rElec  .         Spirit   .     (cloak unavailable)
rCorr  .         Warding  .     (gloves unavailable)
rMut   .         Stasis   .     (boots unavailable)
MR     +....                    A - amulet of rage
Stlth  ++++++....               (no ring)
                                (no ring)

@: quick, somewhat resistant to hostile enchantments, very stealthy
A: no armour, no weapons or thrown items, claws 1, fangs 3, see invisible,
carnivore 3, speed 1, shaggy fur 2, slow metabolism 1, sharp paws
a: Channel Energy, Forget Spell, Renounce Religion, Evoke Berserk Rage


You were on level 2 of the Lair of Beasts.
You worshipped Sif Muna.
Sif Muna was greatly pleased with you.
You were very full.

You visited 3 branches of the dungeon, and saw 12 of its levels.

You collected 609 gold pieces.

Inventory:

Missiles
 z - 76 arrows
Jewellery
 A - an amulet of rage (around neck)
Magical devices
 o - a wand of frost (16)
 p - a wand of digging (21)
 D - a wand of flame (27)
 F - a wand of cold (5)
Scrolls
 a - 4 scrolls of blinking
 c - a scroll of amnesia {unknown}
 i - 3 scrolls of magic mapping {!r}
 j - a scroll of fear {unknown}
 l - a scroll of remove curse
 q - a scroll of fog
 r - a scroll of noise {unknown}
 y - a scroll of summoning {unknown}
 C - a scroll of identify
 E - a scroll of brand weapon {unknown}
Potions
 b - a potion of haste {!q}
 d - 2 potions of ambrosia {!q}
 g - 2 potions of might {!q}
 k - 2 potions of invisibility {!q}
 m - 3 potions of brilliance {!q}
 n - 2 potions of heal wounds {!q}
 s - 6 potions of curing
 u - a potion of lignification {!q}
 x - a potion of agility {!q}
 B - a potion of flight
Miscellaneous
 t - a box of beasts {used: 1}
Comestibles
 e - 4 meat rations {!e}
 f - a slice of pizza
 h - 2 chunks of flesh


   Skills:
 * Level 7.8 Fighting
 + Level 7.2 Dodging
 - Level 10.1 Stealth
 - Level 3.0 Unarmed Combat
 + Level 6.6 Spellcasting
 - Level 7.6 Conjurations
 - Level 10.0 Hexes
 - Level 2.3 Transmutations
 - Level 4.7 Fire Magic
   Level 1.0 Ice Magic
 - Level 1.1 Evocations


You had 3 spell levels left.
You knew the following spells:

 Your Spells              Type           Power        Failure   Level  Hunger
a - Magic Dart            Conj           ####         1%          1    None
b - Searing Ray           Conj           ####..       1%          2    None
c - Dazzling Spray        Conj/Hex       #####...     1%          3    ##.....
d - Fulminant Prism       Conj/Hex       #####.....   3%          4    ####...
e - Conjure Flame         Conj/Fire      ####....     3%          3    ##.....
f - Sticks to Snakes      Trmt           ##........   10%         2    None
g - Sticky Flame          Conj/Fire      ####....     12%         4    ####...


Dungeon Overview and Level Annotations

Branches:
Dungeon (9/15)             Temple (1/1) D:7            Lair (2/8) D:9
    Orc: D:9-12

Altars:
Ashenzari
Cheibriados
Dithmenos
Elyvilon
Fedhas
Gozag
Kikubaaqudgha
Makhleb
Nemelex Xobeh
Okawaru
Qazlal
Ru
Sif Muna
Trog
Vehumet
Xom
Yredelemnul
Zin
The Shining One

Shops:
D:8 %

Annotations:
D:3 X: but orc priest, truemonolith's ghost, average FoFi


Innate Abilities, Weirdness & Mutations

You cannot wear armour.
You are incapable of wielding weapons or throwing items.
You have sharp claws.
You have razor-sharp teeth.
You have supernaturally acute eyesight.
You are carnivorous and can eat meat at any time.
You cover ground quickly.
You are covered in thick fur (AC +2).
You have a slow metabolism.
Your sharp claws are effective at attacking unaware monsters.


Message History

Use which ability?
You channel some magical energy.
You feel somewhat less full.
A spiny frog comes into view.
Use which ability?
You fail to use your ability.
Use which ability?
You fail to use your ability.
Use which ability?
You channel some magical energy.
You feel somewhat less full.
Use which ability?
You fail to use your ability.
Use which ability?
You channel some magical energy.
You feel somewhat less full.
Use which ability?
You channel some magical energy.
You feel somewhat less full.
Use which ability?
You channel some magical energy.
You feel somewhat less full.
You see here a wolf corpse.
You butcher the wolf corpse.
h - 2 chunks of flesh
Casting: Sticky Flame
Confirm with . or Enter, or press ? or * to list all spells.
Aiming: Dazzling Spray
Press: ? - help, Shift-Dir - straight line, f - spiny frog
Aim: a spiny frog (hasn't noticed you)
The spray of energy hits the spiny frog.
The spiny frog is lightly wounded.
The spiny frog croaks.
The spray of energy hits the fungus.
The fungus is lightly damaged.
Casting: Dazzling Spray
Confirm with . or Enter, or press ? or * to list all spells.
Aiming: Dazzling Spray
Press: ? - help, Shift-Dir - straight line, f/p - spiny frog
Aim: a spiny frog (lightly wounded)
The spray of energy hits the spiny frog.
The spiny frog is lightly wounded.
The spiny frog is dazzled.
The spray of energy hits the fungus.
The fungus is moderately damaged.
Casting: Dazzling Spray
Confirm with . or Enter, or press ? or * to list all spells.
Aiming: Sticky Flame
Press: ? - help, Shift-Dir - straight line, f/p - spiny frog
Aim: a spiny frog (lightly wounded, blind, hasn't noticed you)
The sticky flame hits the spiny frog.
The spiny frog appears unharmed.
The spiny frog is lightly wounded.
The spiny frog gives a loud, deep croak!
The spiny frog is covered in liquid flames!
The spiny frog burns!
The spiny frog stings you!! The spiny frog stings you!!
You die...

......
........[.............
......
.................... #.#.
................... ...
................##. ..
........###.#......## .
....P.#.#P.#......P#.# .
.. #...##......+.........
.
...#...##.....##...[.#...
. .......+...F@.##.....+
.. .......##.....##.....#
#...#..######.....#
#....###.#.##.....##
#.............h....#
#.....................
........................
....F.....h.Y...........
........##†....#........


You could see a spiny frog (blind).

Vanquished Creatures
  A hydra (Lair:1)
  Erica (D:9)
  2 hill giants
  3 spiny frogs (Lair:1)
  A komodo dragon (Lair:2)
  A two-headed ogre (D:9)
  A wyvern (D:9)
  Eustachio (D:6)
  7 yaks
  Grum (Lair:1)
  3 hippogriffs
  3 hungry ghosts
  4 wolves
  A porcupine (Lair:1)
  4 water moccasins
  5 orc warriors
  An ice beast (D:9)
  4 sky beasts
  3 phantoms
  3 ogres
  A crocodile (Lair:1)
  Blork the orc (D:6)
  A centaur (D:8)
  8 giant frogs
  A water moccasin zombie (D:7)
  3 wights (D:9)
  4 scorpions
  9 killer bees (D:8)
  3 crimson imps (D:5)
  2 giant frog zombies
  2 centaur zombies
  5 orc priests
  6 hounds
  A giant frog skeleton (D:5)
  3 jellies
  11 orc wizards
  5 iguanas
  8 worker ants
  3 hound zombies
  A worker ant zombie (D:7)
  11 river rats (Lair:1)
  19 adders
  3 gnolls (D:5)
  An adder skeleton (D:9)
  2 worms
  11 giant geckos
  41 orcs
  5 ball pythons
  9 giant cockroaches
  14 goblins
  9 hobgoblins
  6 bats
  A giant gecko zombie (D:7)
  5 giant newts
  5 jackals
  A jackal skeleton (D:7)
  A jackal zombie (D:7)
  12 kobolds
  6 quokkas
  7 rats
297 creatures vanquished.

Vanquished Creatures (collateral kills)
  A hill giant (D:9)
  4 river rats (Lair:1)
5 creatures vanquished.

Vanquished Creatures (others)
  40 fulminant prisms
  A fungus (Lair:1)
41 creatures vanquished.

Grand Total: 343 creatures vanquished

Notes
Turn   | Place    | Note
--------------------------------------------------------------
     0 | D:1      | Gorice the Felid Wanderer began the quest for the Orb.
     0 | D:1      | Gorice set off with: a scroll of blinking, a potion of haste {!q}, a scroll of teleportation {!r}, a potion of curing, a meat ration {!e}, a !bad item (cl:100,ty:0,pl:0,pl2:0,sp:0,qu:0), a !bad item (cl:100,ty:0,pl:0,pl2:0,sp:0,qu:0), a !bad item (cl:100,ty:0,pl:0,pl2:0,sp:0,qu:0), a !bad item (cl:100,ty:0,pl:0,pl2:0,sp:0,qu:0), a !bad item (cl:100,ty:0,pl:0,pl2:0,sp:0,qu:0), a !bad item (cl:100,ty:0,pl:0,pl2:0,sp:0,qu:0), a !bad item (cl:100,ty:0,pl:0,pl2:0,sp:0,qu:0), a !bad item (cl:100,ty:0,pl:0,pl2:0,sp:0,qu:0), a !bad item (cl:100,ty:0,pl:0,pl2:0,sp:0,qu:0), a !bad item (cl:100,ty:0,pl:0,pl2:0,sp:0,qu:0), a !bad item (cl:100,ty:0,pl:0,pl2:0,sp:0,qu:0), a !bad item (cl:100,ty:0,pl:0,pl2:0,sp:0,qu:0), a !bad item (cl:100,ty:0,pl:0,pl2:0,sp:0,qu:0), a !bad item (cl:100,ty:0,pl:0,pl2:0,sp:0,qu:0), a !bad item (cl:100,ty:0,pl:0,pl2:0,sp:0,qu:0), a !bad item (cl:100,ty:0,pl:0,pl2:0,sp:0,qu:0), a !bad item (cl:100,ty:0,pl:0,pl2:0,sp:0,qu:0), a !bad item (cl:100,ty:0,pl:0,pl2:0,sp:0,qu:0), a !bad item (cl:100,ty:0,pl:0,pl2:0,sp:0,qu:0), a !bad item (cl:100,ty:0,pl:0,pl2:0,sp:0,qu:0), a !bad item (cl:100,ty:0,pl:0,pl2:0,sp:0,qu:0), a !bad item (cl:100,ty:0,pl:0,pl2:0,sp:0,qu:0), a !bad item (cl:100,ty:0,pl:0,pl2:0,sp:0,qu:0), a !bad item (cl:100,ty:0,pl:0,pl2:0,sp:0,qu:0), a !bad item (cl:100,ty:0,pl:0,pl2:0,sp:0,qu:0), a !bad item (cl:100,ty:0,pl:0,pl2:0,sp:0,qu:0), a !bad item (cl:100,ty:0,pl:0,pl2:0,sp:0,qu:0), a !bad item (cl:100,ty:0,pl:0,pl2:0,sp:0,qu:0), a !bad item (cl:100,ty:0,pl:0,pl2:0,sp:0,qu:0), a !bad item (cl:100,ty:0,pl:0,pl2:0,sp:0,qu:0), a !bad item (cl:100,ty:0,pl:0,pl2:0,sp:0,qu:0), a !bad item (cl:100,ty:0,pl:0,pl2:0,sp:0,qu:0), a !bad item (cl:100,ty:0,pl:0,pl2:0,sp:0,qu:0), a !bad item (cl:100,ty:0,pl:0,pl2:0,sp:0,qu:0), a !bad item (cl:100,ty:0,pl:0,pl2:0,sp:0,qu:0), a !bad item (cl:100,ty:0,pl:0,pl2:0,sp:0,qu:0), a !bad item (cl:100,ty:0,pl:0,pl2:0,sp:0,qu:0), a !bad item (cl:100,ty:0,pl:0,pl2:0,sp:0,qu:0), a !bad item (cl:100,ty:0,pl:0,pl2:0,sp:0,qu:0), a !bad item (cl:100,ty:0,pl:0,pl2:0,sp:0,qu:0), a !bad item (cl:100,ty:0,pl:0,pl2:0,sp:0,qu:0), a !bad item (cl:100,ty:0,pl:0,pl2:0,sp:0,qu:0), a !bad item (cl:100,ty:0,pl:0,pl2:0,sp:0,qu:0), a !bad item (cl:100,ty:0,pl:0,pl2:0,sp:0,qu:0), a !bad item (cl:100,ty:0,pl:0,pl2:0,sp:0,qu:0), a !bad item (cl:100,ty:0,pl:0,pl2:0,sp:0,qu:0), a !bad item (cl:100,ty:0,pl:0,pl2:0,sp:0,qu:0)
     0 | D:1      | Reached XP level 1. HP: 9/9 MP: 4/4
    50 | D:1      | Reached skill level 2 in Stealth
   247 | D:1      | Reached skill level 3 in Stealth
   247 | D:1      | Reached XP level 2. HP: 10/12 MP: 6/6
  1004 | D:1      | Reached skill level 4 in Stealth
  1264 | D:1      | Reached XP level 3. HP: 12/15 MP: 7/7
  1452 | D:2      | Found a stormy altar of Qazlal.
  1469 | D:2      | HP: 4/15 [adder (4)]
  1577 | D:2      | Reached skill level 5 in Stealth
  2054 | D:2      | HP: 4/15 [poisoned by an adder]
  2065 | D:2      | Reached XP level 4. HP: 19/19 MP: 8/8
  2284 | D:2      | Reached skill level 6 in Stealth
  2964 | D:2      | Found a burning altar of Makhleb.
  3016 | D:2      | Reached skill level 7 in Stealth
  3073 | D:3      | Reached XP level 5. HP: 22/22 MP: 9/9
  3092 | D:3      | Noticed truemonolith's ghost (average FoFi)
  3128 | D:3      | Found a radiant altar of Vehumet.
  4387 | D:2      | Reached skill level 8 in Stealth
  5237 | D:4      | Noticed an ogre
  5392 | D:4      | Gained mutation: You are covered in thick fur (AC +2). [Felid growth]
  5392 | D:4      | Reached XP level 6. HP: 25/25 MP: 10/10
  5580 | D:4      | Found a glowing golden altar of the Shining One.
  5617 | D:4      | Reached skill level 9 in Stealth
  6020 | D:4      | Reached skill level 10 in Stealth
  6029 | D:4      | Learned a level 2 spell: Searing Ray
  6033 | D:4      | Learned a level 3 spell: Dazzling Spray
  6112 | D:4      | Reached skill level 1 in Hexes
  6563 | D:5      | Entered Level 5 of the Dungeon
  6574 | D:5      | Reached XP level 7. HP: 28/28 MP: 11/11
  6580 | D:5      | Reached skill level 1 in Conjurations
  6580 | D:5      | Reached skill level 2 in Hexes
  7050 | D:5      | Reached skill level 2 in Conjurations
  7050 | D:5      | Reached skill level 3 in Hexes
  7368 | D:5      | Reached skill level 4 in Hexes
  7497 | D:5      | Reached skill level 3 in Spellcasting
  7760 | D:5      | Upgraded the game from 0.17-a0-1954-g0dddeaa to 0.17-a0-1968-g88670c1
  7828 | D:6      | Reached skill level 3 in Conjurations
  7828 | D:6      | Reached skill level 5 in Hexes
  7828 | D:6      | Reached XP level 8. HP: 32/32 MP: 13/13
  7939 | D:6      | HP: 4/32 [orc warrior/dire flail (11)]
  8475 | D:6      | Found a shattered altar of Ashenzari.
  8490 | D:6      | Noticed Eustachio
  8498 | D:6      | Killed Eustachio
  8577 | D:6      | Reached skill level 6 in Hexes
  8655 | D:6      | Noticed Blork the orc
  8844 | D:6      | Reached skill level 4 in Conjurations
  8984 | D:6      | Learned a level 1 spell: Magic Dart
  9157 | D:6      | HP: 2/32 [orc priest/divine providence (11)]
  9472 | D:6      | Reached skill level 7 in Hexes
  9536 | D:6      | HP: 6/32 [Blork the orc/long sword of draining (4)]
  9542 | D:6      | Killed from afar by Blork the orc
  9543 | D:6      | Reached XP level 7. HP: -1/28 MP: 9/13
  9558 | D:6      | Killed Blork the orc
  9704 | D:6      | Reached skill level 4 in Spellcasting
  9752 | D:6      | Found a deep blue altar of Sif Muna.
  9753 | D:6      | Found a snail-covered altar of Cheibriados.
  9866 | D:7      | Found a burning altar of Makhleb.
  9900 | D:7      | Found a staircase to the Ecumenical Temple.
  9909 | Temple   | Entered the Ecumenical Temple
  9953 | Temple   | Upgraded the game from 0.17-a0-1968-g88670c1 to 0.17-a0-1970-g7a13dd1
 10040 | D:6      | Became a worshipper of Sif Muna the Loreminder
 10089 | D:6      | Reached skill level 8 in Hexes
 10089 | D:6      | Reached XP level 8. HP: 27/32 MP: 2/15
 10459 | D:7      | Found a sparkling altar of Nemelex Xobeh.
 10592 | D:7      | HP: 7/32 [water moccasin zombie (4)]
 10593 | D:7      | Reached skill level 5 in Conjurations
 10843 | D:7      | Learned a level 4 spell: Fulminant Prism
 10890 | D:7      | Found a shimmering altar of Xom.
 11471 | D:4      | Killed an ogre
 11521 | D:4      | Acquired Sif Muna's first power
 11826 | D:8      | Found Fahage Necs's Food Shoppe.
 11828 | D:8      | Reached skill level 9 in Hexes
 12193 | D:8      | Reached skill level 6 in Conjurations
 12194 | D:8      | HP: 3/32 [killer bee (10)]
 12459 | D:8      | HP: 6/32 [ogre/giant club (26)]
 12738 | D:8      | Reached XP level 9. HP: 35/35 MP: 6/17
 13093 | D:8      | Learned a level 3 spell: Conjure Flame
 13136 | D:8      | Acquired Sif Muna's second power
 13136 | D:8      | Reached skill level 10 in Hexes
 13175 | D:8      | Reached skill level 5 in Spellcasting
 13175 | D:8      | Reached skill level 1 in Fire Magic
 13380 | D:8      | Found a sacrificial altar of Ru.
 13635 | D:8      | Noticed a centaur warrior
 13681 | D:8      | Reached skill level 2 in Fire Magic
 14144 | D:8      | HP: 3/35 [centaur warrior/arrow (12)]
 14481 | D:8      | HP: 4/35 [orc warrior/scimitar (23)]
 14482 | D:8      | Reached skill level 7 in Conjurations
 14848 | D:8      | Learned a level 2 spell: Sticks to Snakes
 15409 | D:9      | Reached skill level 1 in Transmutations
 15495 | D:9      | Found a staircase to the Lair.
 15495 | D:9      | Noticed a fire drake
 15523 | D:9      | Reached skill level 3 in Fire Magic
 15621 | D:9      | Reached skill level 2 in Transmutations
 15817 | D:9      | Found an iron altar of Okawaru.
 15817 | D:9      | Found a glowing golden altar of the Shining One.
 15993 | D:8      | Learned a level 4 spell: Sticky Flame
 16031 | D:8      | Reached XP level 10. HP: 18/39 MP: 13/19
 16276 | D:9      | Reached skill level 4 in Fire Magic
 16665 | D:9      | Noticed a hill giant
 16696 | D:9      | Killed a hill giant
 16696 | D:9      | Reached skill level 6 in Spellcasting
 16809 | D:9      | Noticed Erica
 17022 | D:7      | Acquired Sif Muna's third power
 17126 | D:8      | HP: 1/39 [centaur warrior/arrow (13)]
 17127 | D:8      | Shot with an arrow by a centaur warrior
 17128 | D:8      | Reached XP level 9. HP: -24/35 MP: 3/19
 17400 | D:9      | HP: 6/35 [hippogriff (7)]
 17764 | D:8      | Reached skill level 2 in Fighting
 17764 | D:8      | Reached skill level 2 in Dodging
 17895 | D:8      | Noticed a hill giant
 18031 | D:8      | Shot with an arrow by a centaur warrior
 18032 | D:8      | Reached XP level 8. HP: -4/34 MP: 13/18
 18236 | D:8      | Reached skill level 3 in Fighting
 18338 | D:9      | HP: 8/34 [two-headed ogre/giant spiked club (19)]
 18345 | D:9      | Reached skill level 3 in Dodging
 18779 | D:9      | Reached skill level 4 in Fighting
 18779 | D:9      | Reached XP level 9. HP: 37/39 MP: 5/19
 19116 | D:8      | Killed a hill giant
 19116 | D:8      | Reached skill level 4 in Dodging
 19227 | D:9      | Killed Erica
 19227 | D:9      | Reached skill level 5 in Fighting
 19377 | D:9      | Noticed a hill giant
 19434 | D:9      | Killed a hill giant
 19434 | D:9      | Reached skill level 5 in Dodging
 19728 | Lair:1   | Entered Level 1 of the Lair of Beasts
 19906 | Lair:1   | Noticed a spiny frog
 19913 | Lair:1   | Killed a spiny frog
 19913 | Lair:1   | Reached skill level 6 in Fighting
 19913 | Lair:1   | Reached XP level 10. HP: 23/45 MP: 12/20
 20059 | Lair:1   | Noticed a seven-headed hydra
 20078 | Lair:1   | Killed a seven-headed hydra
 20207 | Lair:1   | Noticed a spiny frog
 20237 | Lair:1   | Killed a spiny frog
 20348 | Lair:1   | Reached skill level 6 in Dodging
 21066 | Lair:1   | Reached skill level 7 in Fighting
 21442 | Lair:1   | Noticed Grum
 21518 | Lair:1   | Killed Grum
 21885 | Lair:2   | Reached skill level 7 in Dodging
 22222 | Lair:2   | Slain by a spiny frog

Vault maps used:
D:1:      minmay_arrival_four_circles
D:2:      overflow_temple_1_default, roderic_greek_sauvastika,
          makhleb_blood_cavern_becter
D:3:      vehumet_altar_wand_db, first_bread
D:4:      tso_metal_star
D:5:      hex_medium, corexii_hall_statues_l
D:6:      lemuel_crystal_altar, gammafunk_temple_overflow_pools, serial_glass,
          glass_columns_c, glass_columns_a, glass_columns_a, glass_columns_a,
          uniq_blork_the_orc, uniq_eustachio
D:7:      kennysheep_little_box, lemuel_crystal_altar, nemelex_deck,
          minmay_temple_entry_statues_fountains
D:8:      nicolae_ru_awakened_eye, serial_shops, shop_statue
D:9:      amethyst_overflow_temple_binary, minmay_lair_entry_lava, uniq_erica
Temple:   minmay_temple_bridge_b_8
Lair:1:   uniq_grum
Lair:2:   lemuel_slime

Action                   |  1- 3 |  4- 6 |  7- 9 | 10-12 || total
-------------------------+-------+-------+-------+-------++-------
Melee: Unarmed           |   114 |   173 |   303 |    70 ||   660
 Cast: Searing Ray       |       |     3 |    32 |    10 ||    45
       Dazzling Spray    |       |       |   112 |    43 ||   155
       Magic Dart        |       |       |    17 |    10 ||    27
       Fulminant Prism   |       |       |    27 |    13 ||    40
       Conjure Flame     |       |       |    26 |    24 ||    50
       Sticks to Snakes  |       |       |     9 |    12 ||    21
       Sticky Flame      |       |       |     8 |    10 ||    18
Invok: Channel Energy    |       |       |    71 |    50 ||   121
Evoke: Box of beasts     |       |       |     1 |       ||     1
  Use: Scroll            |     2 |     3 |    13 |     1 ||    19
       Potion            |     2 |       |     2 |       ||     4
 Stab: Sleeping          |    12 |    25 |    32 |     2 ||    71
       Distracted        |     1 |     2 |     4 |     1 ||     8
       Invisible         |       |       |    27 |     5 ||    32
  Eat: Chunk             |     9 |     9 |    64 |    23 ||   105

Table legend:
 A = Turns spent in this place as a percentage of turns spent in the entire game.
 B = Non-inter-level travel turns spent in this place as a percentage of non-inter-level travel turns spent in the entire game.
 C = Inter-level travel turns spent in this place as a percentage of turns spent in this place.
 D = Turns resting spent in this place as a percentage of non-inter-level travel turns spent in this place.
 E = Turns spent auto-exploring this place as a percentage of non-inter-level travel turns spent in this place.
 F = Non-inter-level travel turns spent in this place divided by the number of levels of this place that you've seen.
                   A       B       C       D       E      F
               +-------+-------+-------+-------+-------+----------------------
         Total | 100.0 | 100.0 |   0.7 |   5.5 |   3.7 | 553.9
       Dungeon |  89.8 |  89.8 |   0.7 |   5.4 |   3.5 | 662.9
        Temple |   0.5 |   0.5 |   3.2 |   0.0 |   3.3 |  30.0
          Lair |   9.8 |   9.8 |   0.6 |   6.9 |   6.3 | 325.5
               +-------+-------+-------+-------+-------+----------------------

Vault maps used:
D:1:      minmay_arrival_four_circles
D:2:      overflow_temple_1_default, roderic_greek_sauvastika,
          makhleb_blood_cavern_becter
D:3:      vehumet_altar_wand_db, first_bread
D:4:      tso_metal_star
D:5:      hex_medium, corexii_hall_statues_l
D:6:      lemuel_crystal_altar, gammafunk_temple_overflow_pools, serial_glass,
          glass_columns_c, glass_columns_a, glass_columns_a, glass_columns_a,
          uniq_blork_the_orc, uniq_eustachio
D:7:      kennysheep_little_box, lemuel_crystal_altar, nemelex_deck,
          minmay_temple_entry_statues_fountains
D:8:      nicolae_ru_awakened_eye, serial_shops, shop_statue
D:9:      amethyst_overflow_temple_binary, minmay_lair_entry_lava, uniq_erica
Temple:   minmay_temple_bridge_b_8
Lair:1:   uniq_grum
Lair:2:   lemuel_slime
